 Seeded DCSS version 0.31-a0-1074-g0b22e4e0f1 (webtiles) character file.

Game seed: 9698261311993447001 (custom seed)

6955 croobank the Nimble (level 11, -3/80 HPs)
             Began as a Gnoll Monk on Nov 27, 2023.
             Was an Elder of Hepliaklqana.
             Slain by Harold
             ... wielding a +1 vampiric battleaxe
              (17 damage)
             ... on level 9 of the Dungeon.
             The game lasted 00:22:20 (7281 turns).

croobank the Nimble (Gnoll Monk)                    Turns: 7281, Time: 00:22:21

Health: -3/80      AC:  3    Str: 12    XL:     11   Next: 7%
Magic:  15/20      EV:  8    Int: 12    God:    Hepliaklqana [****..]
Gold:   44         SH:  0    Dex: 15    Spells: 19/22 levels left

rFire   . . .        e - +0 short sword (holy)
rCold   . . .        d - orb {light}
rNeg    . . .        b - +0 robe
rPois   .            (no helmet)
rElec   .            r - +0 cloak {Will+}
rCorr   .            (no gloves)
SInv    +            (no boots)
Will    +....        (no amulet)
Stlth   ++           H - ring of see invisible
HPRegen 0.33/turn    (no ring)
MPRegen 0.17/turn

%: no passive effects
@: held, glowing
A: reduced essence, fangs 1, strong nose, distributed training
a: Renounce Religion, Recall Ancestor, Ancestor Identity, Transference, Idealise


You were on level 9 of the Dungeon.
You worshipped Hepliaklqana.
Hepliaklqana was greatly pleased with you.
You visited 2 branches of the dungeon, and saw 10 of its levels.

You collected 244 gold pieces.
You spent 200 gold pieces at shops.

Inventory:

Hand Weapons
 a - the +8 lance "Wyrmbane" {slay drac, rPois rF+ rC+ AC+3}
   (You took it off an orc on level 3 of the Dungeon)

   AC+3:      It affects your AC (+3).
   rF+:       It protects you from fire.
   rC+:       It protects you from cold.
   rPois:     It protects you from poison
 c - a +0 scythe of flaming
 e - a +0 short sword of holy wrath (weapon)
 l - a +0 war axe
 p - a +0 spear
 q - a +4 quarterstaff of chaos
 u - a +3 hand axe
 G - a +0 scimitar of flaming
Missiles
 i - 6 javelins
 m - 23 poisoned darts (quivered)
 C - 2 throwing nets
Armour
 b - a +0 robe (worn)
 d - an orb of light (worn)
 r - a +0 cloak of willpower (worn)
 L - a +0 helmet
Jewellery
 H - a ring of see invisible (left hand)
Talismans
 n - a beast talisman
 J - a serpent talisman
Wands
 t - a wand of acid (6)
 E - a wand of roots (24)
Scrolls
 g - 2 scrolls of poison
 v - 4 scrolls of teleportation {unknown}
 w - 2 scrolls of revelation {unknown}
 x - 2 scrolls of enchant armour {unknown}
 y - a scroll of blinking {unknown}
 z - a scroll of fog
 A - 2 scrolls of identify
 M - a scroll of fear {unknown}
Potions
 f - a potion of enlightenment
 h - 4 potions of lignification
 j - a potion of magic
 o - 3 potions of heal wounds
 s - a potion of invisibility
 B - a potion of curing
 D - a potion of mutation
 F - a potion of berserk rage
 I - a potion of brilliance {unknown}
 K - 2 potions of resistance {unknown}


   Skills:
 + Level 9.0 Fighting
 + Level 6.0 Short Blades
 + Level 6.0 Long Blades
 + Level 6.0 Axes
 + Level 6.0 Maces & Flails
 + Level 9.0 Polearms
 + Level 6.0 Staves
 + Level 6.0 Ranged Weapons
 + Level 6.0 Throwing
 + Level 6.0 Armour
 + Level 9.0 Dodging
 + Level 6.0 Stealth
 + Level 6.0 Shields
 + Level 6.0 Unarmed Combat
 + Level 6.0 Spellcasting
 + Level 5.0 Conjurations
 + Level 5.0 Hexes
 + Level 5.0 Summonings
 + Level 5.0 Necromancy
 + Level 5.0 Translocations
 + Level 5.0 Transmutations
 + Level 5.0 Fire Magic
 + Level 5.0 Ice Magic
 + Level 5.0 Air Magic
 + Level 5.0 Earth Magic
 + Level 5.0 Poison Magic
 + Level 6.6 Invocations
 + Level 6.0 Evocations
 + Level 5.5 Shapeshifting


You had 19 spell levels left.
You knew the following spells:

 Your Spells              Type           Power      Damage    Failure   Level
a - Blink                 Tloc           30%        N/A       3%          2
b - Slow                  Hex            60%        N/A       2%          1

Your spell library contained the following spells:

 Spells                   Type           Power      Damage    Failure   Level
 Lesser Beckoning         Tloc           30%        N/A       3%          2
 Momentum Strike          Conj/Tloc      30%        3d8       3%          2
 Confusing Touch          Hex            15%        N/A       7%          3
 Ozocubu's Armour         Ice            15%        N/A       7%          3
 Sigil of Binding         Hex            15%        N/A       7%          3
 Stone Arrow              Conj/Erth      30%        3d8       7%          3
 Vampiric Draining        Necr           15%        2d7       7%          3
 Animate Armour           Summ/Erth      30%        N/A       22%         4
 Borgnjor's Vile Clutch   Necr/Erth      7%         N/A       54%         5
 Metabolic Englaciation   Hex/Ice        7%         N/A       54%         5
 Simulacrum               Ice/Necr       7%         N/A       98%         6
 Lehudib's Crystal Spear  Conj/Erth      7%         10d3      100%        8


Dungeon Overview and Level Annotations

Branches:
Dungeon (9/15)             Temple (1/1) D:5            Lair (0/5) D:8
    Orc: D:9-12

Altars:
Ashenzari
Cheibriados
Dithmenos
Elyvilon
Fedhas
Gozag
Hepliaklqana
Kikubaaqudgha
Makhleb
Nemelex Xobeh
Okawaru
Qazlal
Ru
Sif Muna
Trog
Uskayaw
Vehumet
Wu Jian
Xom
Yredelemnul
Zin
The Shining One

Shops:
D:2 ?   D:6 [   D:8 :

Annotations:
D:3 3 runed translucent doors, ChaoticPyre's ghost, amateur SpEn; sammy202020's ghost, novice GrFi
D:7 3 runed translucent doors
D:9 Harold


Innate Abilities, Weirdness & Mutations

Your life essence is reduced to manifest your ancestor. (-10% HP)
You have very sharp teeth.
Your uncanny sense of smell can sniff out nearby items.
Your experience applies equally to all skills.


Message History

Your Fire Magic skill increases to level 5!
Your Ice Magic skill increases to level 5!
Your Air Magic skill increases to level 5!
Your Earth Magic skill increases to level 5!
Your Poison Magic skill increases to level 5!
You struggle against the net.
Your centaur hits the yak.
Your centaur kicks the yak.
Your centaur barely misses the yak.
Your centaur kicks the yak.
The yak gores your centaur!
Your centaur dies!
Your centaur's corpse dissolves into shadows!
Your centaur barely misses the yak.
Your centaur completely misses the yak.
Okay, then.
Aiming: Corrosive Bolt
Press: ? - help, Shift-Dir - straight line, f/p - yak
Aim: a yak (heavily wounded, ally target, haloed, 89% to hit)
The bolt of acid hits the yak!
The yak is almost dead.
Your centaur wields a +0 orcbow.
Your centaur shoots an arrow.
The arrow completely misses the yak.
Your two-headed ogre completely misses the yak.
Your two-headed ogre hits the yak with a +0 giant club!
The yak dies!
Okay, then.
Aiming: Corrosive Bolt
Press: ? - help, Shift-Dir - straight line, f - Harold
Aim: Harold, wielding a +1 vampiric battleaxe, wearing a +0 scale mail and quivering 3 throwing nets (ally target, haloed, 89% to hit)
The bolt of acid misses Harold.
You hear a shout!
Your centaur shoots an arrow.
The arrow hits Harold!
Harold shouts, "Can you die now?
I had plans for the rest of the day!"
Harold barely misses you.
Aiming: Corrosive Bolt
Press: ? - help, Shift-Dir - straight line, f/p - Harold
Aim: Harold, wielding a +1 vampiric battleaxe, wearing a +0 scale mail and quivering 3 throwing nets (moderately wounded, ally target, haloed, 89% to hit)
The bolt of acid hits Harold!!
The acid corrodes Harold!
Harold is heavily wounded.
Your centaur shoots an arrow.
The arrow barely misses Harold.
Harold hits you with a +1 vampiric battleaxe!
You die...
Harold sighs, "Finally, I can get that cottage in the mountains and settle down."

#.#.. ..... #.... ......
#.... .....# #
#....####.....# .
#...#........# .
#...)?........
###......†..####
##.....#....## .#
#......@@...##.. ..
...#.cO.............. ..
........†#####...........
....####†## #...........
:... #..## #......... .#
##..# #........
..#####.###......#
.................#
#...........>....#


You could see Harold (corroded, ally target), a friendly two-headed ogre
(summoned) and a friendly centaur (summoned).

Vanquished Creatures
  Pikel (D:3)
  Sigmund (D:5)
  A wyvern (D:8)
  4 yaks (D:8)
  A basilisk (D:8)
  A steam dragon (D:8)
  An acid dragon (D:8)
  A water moccasin (D:6)
  Duvessa (D:4)
  5 sky beasts
  3 ice beasts
  An orc warrior (D:8)
  2 centaurs
  2 ogres (D:5)
  A lemure (D:5)
  2 phantoms
  Blork the orc (D:6)
  2 kobold brigands
  2 scorpions
  3 wights (D:8)
  Dowan (D:4)
  6 killer bees
  2 howler monkeys
  2 jellies
  Crazy Yiuf (D:3)
  A gnoll bouda (D:8)
  2 orc priests
  5 hounds
  3 sleepcaps
  Jessica (D:2)
  Ijyb (D:4)
  Natasha (thrice) (D:2)
  Terence (D:3)
  2 iguanas
  3 orc wizards
  4 adders
  A shadow imp (D:6)
  2 white imps
  2 ufetubi (D:6)
  4 dart slugs
  22 orcs
  7 ball pythons
  3 bats (D:1)
  4 endoplasms
  4 giant cockroaches
  7 goblins
  7 hobgoblins
  A frilled lizard (D:1)
  16 kobolds
  4 rats (D:1)
158 creatures vanquished.

Vanquished Creatures (collateral kills)
  Joseph (D:8)
  A wraith (D:9)
  5 yaks
  3 water moccasins (D:8)
  A centaur (D:8)
  3 bullfrogs (D:8)
  4 killer bees
  A jelly (D:6)
  An orc wizard (D:7)
  A white imp (D:6)
  An orc (D:6)
  A goblin (D:8)
  A kobold (D:6)
24 creatures vanquished.

Vanquished Creatures (others)
  2 battlemagi
  2 ancestors
4 creatures vanquished.

Grand Total: 186 creatures vanquished

Notes
Turn   | Place    | Note
-------+----------+-------------------------------------------
     0 | D:1      | croobank the Gnoll Monk began the quest for the Orb.
     0 | D:1      | Reached XP level 1. HP: 23/23 MP: 1/1
    28 | D:1      | HP: 1/23 [hobgoblin (4)]
    29 | D:1      | Reached XP level 2. HP: 2/29 MP: 2/2
   204 | D:1      | Reached XP level 3. HP: 34/35 MP: 3/3
   235 | D:1      | Learned a level 2 spell: Blink
   486 | D:2      | Found a glowing silver altar of Zin.
   578 | D:2      | Reached skill level 1 in Invocations
   583 | D:2      | Noticed Jessica
   595 | D:2      | Killed Jessica
   596 | D:2      | Reached skill level 1 in Short Blades
   596 | D:2      | Reached skill level 1 in Long Blades
   596 | D:2      | Reached skill level 1 in Axes
   596 | D:2      | Reached skill level 1 in Maces & Flails
   596 | D:2      | Reached skill level 1 in Staves
   596 | D:2      | Reached skill level 1 in Ranged Weapons
   596 | D:2      | Reached skill level 1 in Throwing
   596 | D:2      | Reached skill level 1 in Armour
   596 | D:2      | Reached skill level 1 in Stealth
   596 | D:2      | Reached skill level 1 in Shields
   596 | D:2      | Reached skill level 1 in Unarmed Combat
   596 | D:2      | Reached skill level 1 in Spellcasting
   596 | D:2      | Reached skill level 1 in Evocations
   596 | D:2      | Reached skill level 1 in Shapeshifting
   596 | D:2      | Reached XP level 4. HP: 39/41 MP: 5/5
   830 | D:2      | Found Xeveti's Magic Scroll Boutique.
   838 | D:2      | Bought a scroll of identify for 28 gold pieces
   838 | D:2      | Bought a scroll of identify for 28 gold pieces
  1075 | D:2      | Noticed Natasha
  1080 | D:2      | Killed Natasha
  1081 | D:2      | Reached skill level 1 in Conjurations
  1081 | D:2      | Reached skill level 1 in Hexes
  1081 | D:2      | Reached skill level 1 in Summonings
  1081 | D:2      | Reached skill level 1 in Necromancy
  1081 | D:2      | Reached skill level 1 in Translocations
  1081 | D:2      | Reached skill level 1 in Transmutations
  1081 | D:2      | Reached skill level 1 in Fire Magic
  1081 | D:2      | Reached skill level 1 in Ice Magic
  1081 | D:2      | Reached skill level 1 in Air Magic
  1081 | D:2      | Reached skill level 1 in Earth Magic
  1081 | D:2      | Reached skill level 1 in Poison Magic
  1439 | D:2      | Noticed Natasha
  1458 | D:3      | Reached XP level 5. HP: 26/47 MP: 5/7
  1549 | D:2      | Killed Natasha
  1553 | D:2      | Noticed Natasha
  1661 | D:2      | Killed Natasha
  1959 | D:3      | Found a runed translucent gate.
  1959 | D:3      | Found a runed translucent gate.
  1959 | D:3      | Found a runed translucent gate.
  1963 | D:3      | Noticed ChaoticPyre's ghost (amateur SpEn)
  1963 | D:3      | Noticed sammy202020's ghost (novice GrFi)
  2062 | D:3      | Noticed Terence
  2070 | D:3      | Killed Terence
  2071 | D:3      | Reached XP level 6. HP: 53/53 MP: 8/8
  2363 | D:3      | Found a runed translucent door.
  2364 | D:3      | Noticed Crazy Yiuf
  2371 | D:3      | Killed Crazy Yiuf
  2465 | D:4      | Noticed an ice beast
  2470 | D:4      | Killed an ice beast
  2497 | D:4      | Noticed Pikel
  2500 | D:4      | Noticed Ijyb
  2507 | D:5      | Entered Level 5 of the Dungeon
  2564 | D:3      | Killed Pikel
  2565 | D:3      | Reached XP level 7. HP: 28/60 MP: 9/11
  2677 | D:4      | Killed Ijyb
  2678 | D:4      | Reached XP level 8. HP: 64/67 MP: 12/12
  2680 | D:4      | Learned a level 1 spell: Slow
  2851 | D:4      | Noticed Dowan
  2851 | D:4      | Noticed Duvessa
  2867 | D:4      | Killed Duvessa
  2868 | D:4      | Killed Dowan
  3545 | D:5      | Found a staircase to the Ecumenical Temple.
  3554 | Temple   | Entered the Ecumenical Temple
  3592 | Temple   | Became a worshipper of Hepliaklqana the Forgotten
  3592 | Temple   | Reached * piety under Hepliaklqana
  3592 | Temple   | Reached ** piety under Hepliaklqana
  3744 | D:5      | Noticed Sigmund
  3941 | D:5      | Reached XP level 9. HP: 60/65 MP: 11/14
  3999 | D:5      | Killed Sigmund
  4239 | D:5      | Identified the +4 leather armour "Vooloust" {Rampage +Inv
                  | Str-3 Stlth+}
  4815 | D:6      | Found Zisobas's Antique Armour Boutique.
  4885 | D:6      | Noticed Blork the orc
  4895 | D:6      | Killed Blork the orc
  4896 | D:6      | Reached skill level 5 in Invocations
  5315 | D:7      | Found an opulent altar of Gozag.
  5413 | D:7      | Reached *** piety under Hepliaklqana
  5647 | D:7      | Found a snail-covered altar of Cheibriados.
  5652 | D:7      | Found a runed translucent gate.
  5652 | D:7      | Found a runed translucent gate.
  5652 | D:7      | Found a runed translucent gate.
  5653 | D:7      | Noticed a polar bear
  5653 | D:7      | Found the +11 plutonium sword {Contam Stlth-}
  5808 | D:7      | Remembered your ancestor Yadidatum as a battlemage
  5955 | D:8      | Reached XP level 10. HP: 63/72 MP: 17/17
  5980 | D:8      | Reached skill level 5 in Short Blades
  5980 | D:8      | Reached skill level 5 in Long Blades
  5980 | D:8      | Reached skill level 5 in Axes
  5980 | D:8      | Reached skill level 5 in Maces & Flails
  5980 | D:8      | Reached skill level 5 in Staves
  5980 | D:8      | Reached skill level 5 in Ranged Weapons
  5980 | D:8      | Reached skill level 5 in Throwing
  5980 | D:8      | Reached skill level 5 in Armour
  5980 | D:8      | Reached skill level 5 in Stealth
  5980 | D:8      | Reached skill level 5 in Shields
  5980 | D:8      | Reached skill level 5 in Unarmed Combat
  5980 | D:8      | Reached skill level 5 in Spellcasting
  5980 | D:8      | Reached skill level 5 in Evocations
  6082 | D:8      | Noticed Joseph
  6091 | D:8      | Killed Joseph
  6272 | D:8      | Found a staircase to the Lair.
  6284 | D:8      | Reached skill level 5 in Shapeshifting
  6504 | D:8      | Found Ytozu's Tiny Tomes.
  6514 | D:8      | Bought the Book of the Caves for 144 gold pieces
  6872 | D:8      | Reached **** piety under Hepliaklqana
  7250 | D:9      | Reached XP level 11. HP: 36/78 MP: 15/19
  7273 | D:9      | Noticed Harold
  7278 | D:9      | Reached skill level 5 in Conjurations
  7278 | D:9      | Reached skill level 5 in Hexes
  7278 | D:9      | Reached skill level 5 in Summonings
  7278 | D:9      | Reached skill level 5 in Necromancy
  7278 | D:9      | Reached skill level 5 in Translocations
  7278 | D:9      | Reached skill level 5 in Transmutations
  7278 | D:9      | Reached skill level 5 in Fire Magic
  7278 | D:9      | Reached skill level 5 in Ice Magic
  7278 | D:9      | Reached skill level 5 in Air Magic
  7278 | D:9      | Reached skill level 5 in Earth Magic
  7278 | D:9      | Reached skill level 5 in Poison Magic
  7281 | D:9      | Slain by Harold

Illustrated notes

Levels and vault maps discovered:
D:1:      eino_arrival_tree_alley, layout_rooms
D:2:      layout_loops_cross, serial_shops, shop, basic_altar, uniq_jessica,
          uniq_natasha
D:3:      layout_loops_ring, gammafunk_ghost_cemetery, uniq_terence,
          uniq_crazy_yiuf_cottage
D:4:      cheibrodos_old_hovel, layout_basic, minmay_misc_feat_enclosed,
          uniq_ijyb, uniq_duvessa, uniq_pikel
D:5:      layout_basic, minmay_temple_entry_statues_fountains, uniq_sigmund
D:6:      layout_basic, serial_shops, kennysheep_mini_moat,
          minmay_strange_pillars, st_stairs_1, uniq_blork_the_orc
D:7:      lemuel_bear_cage, layout_basic, mainiacjoe_overflow_catch_the_wave
D:8:      layout_basic, minmay_lair_entry_grove, enter_bailey_5,
          nicolae_shop_i_like_small_books_too, uniq_joseph
D:9:      layout_rooms, nicolae_elevator_lobby_asterisk, uniq_harold
Temple:   mainiacjoe_temple_cubbyholes

Skill      XL: |  1  2  3  4  5  6  7  8  9 10 11 |
---------------+----------------------------------+-----
Invocations    | 1 2 3 4 5 6 |  6.6
Short Blades   | 1 2 3 4 5 6 |  6.0
Long Blades    | 1 2 3 4 5 6 |  6.0
Axes           | 1 2 3 4 5 6 |  6.0
Maces & Flails | 1 2 3 4 5 6 |  6.0
Staves         | 1 2 3 4 5 6 |  6.0
Ranged Weapons | 1 2 3 4 5 6 |  6.0
Throwing       | 1 2 3 4 5 6 |  6.0
Armour         | 1 2 3 4 5 6 |  6.0
Stealth        | 1 2 3 4 5 6 |  6.0
Shields        | 1 2 3 4 5 6 |  6.0
Unarmed Combat | 1 2 3 4 5 6 |  6.0
Spellcasting   | 1 2 3 4 5 6 |  6.0
Evocations     | 1 2 3 4 5 6 |  6.0
Shapeshifting  | 1 2 3 4 5 |  5.5
Conjurations   | 1 2 3 4 5 |  5.0
Hexes          | 1 2 3 4 5 |  5.0
Summonings     | 1 2 3 4 5 |  5.0
Necromancy     | 1 2 3 4 5 |  5.0
Translocations | 1 2 3 4 5 |  5.0
Transmutations | 1 2 3 4 5 |  5.0
Fire Magic     | 1 2 3 4 5 |  5.0
Ice Magic      | 1 2 3 4 5 |  5.0
Air Magic      | 1 2 3 4 5 |  5.0
Earth Magic    | 1 2 3 4 5 |  5.0
Poison Magic   | 1 2 3 4 5 |  5.0
Fighting       | 7 8 9 |  9.0
Polearms       | 7 8 9 |  9.0
Dodging        | 7 8 9 |  9.0

Action                     |  1- 3 |  4- 6 |  7- 9 | 10-12 || total
---------------------------+-------+-------+-------+-------++-------
  Melee: Spear             |    92 |   101 |       |       ||   193
         Bite              |     7 |    19 |    12 |    11 ||    49
         Lance             |       |    31 |   197 |    54 ||   282
         Short sword       |       |       |       |    29 ||    29
  Throw: Javelin           |     1 |    12 |     8 |       ||    21
         Dart              |       |       |    11 |     2 ||    13
   Cast: Slow              |       |       |    36 |     9 ||    45
         Blink             |       |       |       |     2 ||     2
 Invoke: Ancestor Life: Ba |       |       |     1 |       ||     1
  Evoke: Wand              |       |       |       |     3 ||     3
    Use: Potion            |     1 |       |     3 |     1 ||     5
         Scroll            |       |     4 |     6 |     4 ||    14
   Stab: Distracted        |       |       |     1 |       ||     1
         Sleeping          |       |       |       |     1 ||     1
 Armour: Robe              |    25 |    45 |    59 |    42 ||   171
  Dodge: Dodged            |    30 |    75 |    68 |    59 ||   232

Table legend: (Time is in decaauts)
 A = Elapsed time spent in this place.
 B = Non-inter-level travel time spent in this place.
 C = Inter-level travel time spent in this place.
 D = Time resting spent in this place.
 E = Time spent auto-exploring this place.
 F = Levels seen in this place.
 G = Mean time per level.
                   A        B        C        D        E       F      G
               +--------+--------+--------+--------+--------+-----+--------+
         Total |   7143 |   6832 |    311 |   1123 |   4398 |  10 |  714.3 |
       Dungeon |   7068 |   6830 |    238 |   1123 |   4398 |   9 |  785.3 |
        Temple |     74 |      1 |     73 |      0 |      0 |   1 |   74.0 |
               +--------+--------+--------+--------+--------+-----+--------+

Top non-repeatable levels by time:
     D:8: 1257 daAuts
     D:2: 1092 daAuts
     D:3: 1041 daAuts
     D:5: 892 daAuts
     D:4: 817 daAuts
     D:6: 790 daAuts
     D:7: 617 daAuts
     D:1: 394 daAuts
     D:9: 162 daAuts
  Temple: 74 daAuts
